AoeStats
← BobbyBenz

Arabia

509921019Analyzed
2v2 RM · 3d ago on Sep 28, 2026· 19m 5s· 4 players
Game mode
Random Map
Map size
Medium (4 player)
Population
200
Speed
Normal
Resources
Standard
Victory
Conquest
Starting age
Dark Age
Ending age
Imperial Age
RankedLock teamsTeams togetherTeam positionsShared explorationLock speedFull tech treeHidden civsTurbo modeCheats
Victory
Defeat
🇩🇪 Franks · Germany
1279
+16
🇦🇹 Britons · Austria
1174
+20
🇬🇪 Goths · Georgia
1298
-19
🇪🇸 Magyars · Spain
1256
-17
ElReyFifa69
7:31 Loom
9:43 Feudal Age
19:33 Castle Age
17:44 Double-Bit Axe
21:20 Castle Age
Vlast
3:10 Loom
9:28 Feudal Age
9:39 Man-at-Arms
13:45 Scale Mail Armor
15:25 Forging
Aquisgranensis_MCM
6:44 Loom
8:53 Feudal Age
9:20 Double-Bit Axe
18:04 Scale Barding Armor
BobbyBenz
5:19 Loom
8:23 Feudal Age
12:30 Fletching
16:21 Horse Collar
17:25 Double-Bit Axe
Connection lost

Rejoining the realm…

Still unreachable

The connection could not be restored.

Session expired

The server has moved on; the page needs a fresh start.